 Dungeon Crawl Stone Soup version 0.28-a0-1510-gd0f6b136d3 (webtiles) character file.

Game seed: 16011440985946642599

113 esteth the Chopper (level 4, 0/41 HPs)
             Began as a Hill Orc Gladiator on Jan 14, 2022.
             Slain by a white imp (4 damage)
             ... summoned by Natasha
             ... on level 2 of the Dungeon.
             The game lasted 00:02:47 (1886 turns).

esteth the Chopper (Hill Orc Gladiator)             Turns: 1886, Time: 00:02:47

Health: 0/41       AC: 10    Str: 16    XL:     4   Next: 96%
Magic:  4/4        EV: 11    Int: 10    God:
Gold:   65         SH:  0    Dex: 12    Spells: 3/3 levels left

rFire   . . .      SeeInvis .   a - +0 war axe
rCold   . . .      Faith    .   (no shield)
rNeg    . . .      Spirit   .   l - +0 ring mail
rPois   .          Reflect  .   c - +0 helmet
rElec   .          Harm     .   (no cloak)
rCorr   .          Rampage  .   i - +2 pair of gloves
Will    .....                   g - +0 pair of boots
Stlth   +.........              (no amulet)
HPRegen 0.13/turn               (no ring)
MPRegen 0.09/turn               (no ring)

@: no status effects
A: no striking features
a: no special abilities


You were on level 2 of the Dungeon.
You visited 1 branch of the dungeon, and saw 2 of its levels.

You collected 65 gold pieces.

Inventory:

Hand Weapons
 a - a +0 war axe (weapon)
Missiles
 d - 3 throwing nets (quivered)
Armour
 b - a +0 leather armour
 c - a +0 helmet (worn)
 g - a +0 pair of boots (worn)
 i - a +2 pair of gloves (worn)
 l - a +0 ring mail (worn)
Magical Staves
 e - a staff of earth
Scrolls
 f - 2 scrolls of identify {unknown}
 h - 2 scrolls of silence {unknown}
 j - a scroll of fog {unknown}
 n - a scroll of amnesia {unknown}
Potions
 k - a potion of mutation {unknown}
 m - a potion of attraction {unknown}
 o - 2 potions of flight {unknown}


   Skills:
 + Level 4.5 Fighting
 + Level 5.8 Axes
 - Level 1.7 Throwing
 - Level 2.4 Dodging


You had 3 spell levels left.
You didn't know any spells.
Your spell library was empty.

Dungeon Overview and Level Annotations

Branches:
Dungeon (2/15)

Altars:

Shops:
D:2 !

Annotations:
D:2 Natasha


Message History

Found an opal ring.
You barely miss Natasha. You punch Natasha, but do no damage.
Natasha closely misses you.
You barely miss Natasha. Natasha claws you.
You closely miss Natasha.
Natasha mumbles some strange words.
Natasha claws you but does no damage.
You hit Natasha.
Natasha is moderately wounded.
Natasha stares at you and mumbles some strange words.
The magic dart hits you.
You miss Natasha.
Natasha is moderately wounded.
Natasha claws you but does no damage. The white imp gestures at you.
The puff of frost hits you!
You are too injured to fight recklessly!
You are too injured to fight recklessly!
You are too injured to fight recklessly!
You are too injured to fight recklessly!
You are too injured to fight recklessly!
You are too injured to fight recklessly!
You are too injured to fight recklessly!
You are too injured to fight recklessly!
You are too injured to fight recklessly!
You are too injured to fight recklessly!
You are too injured to fight recklessly!
You are too injured to fight recklessly!
You closely miss Natasha.
Natasha is moderately wounded.
Natasha claws you.
* * * LOW HITPOINT WARNING * * *
You barely miss Natasha.
Natasha is moderately wounded.
You completely miss the white imp. Natasha claws you.
* * * LOW HITPOINT WARNING * * *
The white imp hits you.
* * * LOW HITPOINT WARNING * * *
The white imp freezes you.
You die...

.=...#.....####
.............#..
.................
#.......).........
#........>........
#......?..........
..........5h......
...........@...[...
................#..
.......††.........
..####..........####..
...........†........ .
#...........####...
#..........####....
#............#........#
#......#..............#


You could see Natasha and a white imp (summoned).

Vanquished Creatures
  Natasha (D:2)
  4 gnolls (D:2)
  A dart slug (D:1)
  5 ball pythons
  3 bats
  3 endoplasms (D:1)
  A giant cockroach (D:1)
  2 goblins
  3 hobgoblins (D:1)
  5 quokkas
  3 frilled lizards (D:1)
  9 kobolds
  8 rats
48 creatures vanquished.

Notes
Turn   | Place    | Note
-------+----------+-------------------------------------------
     0 | D:1      | esteth the Hill Orc Gladiator began the quest for the Orb.
     0 | D:1      | Reached XP level 1. HP: 18/18 MP: 1/1
   196 | D:1      | Reached XP level 2. HP: 25/25 MP: 2/2
   522 | D:1      | Found a faded altar of an unknown god.
   829 | D:1      | Reached XP level 3. HP: 31/31 MP: 3/3
  1247 | D:1      | Reached skill level 5 in Axes
  1513 | D:2      | Reached XP level 4. HP: 33/40 MP: 4/4
  1725 | D:2      | Found Goennu's Distillery.
  1858 | D:2      | Noticed Natasha
  1865 | D:2      | Killed Natasha
  1876 | D:2      | Noticed Natasha
  1886 | D:2      | Slain by a white imp

Illustrated notes

Levels and vault maps discovered:
D:1:      roderic_lyre, layout_loops_ring, basic_ecumenical_altar,
          chequers_serial_rivers_large_a
D:2:      layout_rooms, serial_shops, shop, uniq_natasha

Skill      XL: |  1  2  3 |
---------------+----------+-----
Fighting       | 3 4 |  4.5
Axes           | 5 |  5.8
Throwing       | |  1.7
Dodging        | |  2.4

Action                   |  1- 3 |  4- 6 || total
-------------------------+-------+-------++-------
Melee: War axe           |    81 |    38 ||   119
       Punch             |       |     1 ||     1
 Stab: Sleeping          |     1 |       ||     1
Armor: Leather armour    |    19 |       ||    19
       Ring mail         |    13 |    25 ||    38
Dodge: Dodged            |    58 |    36 ||    94

Table legend: (Time is in decaauts)
 A = Elapsed time spent in this place.
 B = Non-inter-level travel time spent in this place.
 C = Inter-level travel time spent in this place.
 D = Time resting spent in this place.
 E = Time spent auto-exploring this place.
 F = Levels seen in this place.
 G = Mean time per level.
                   A        B        C        D        E       F      G
               +--------+--------+--------+--------+--------+-----+--------+
         Total |   1927 |   1845 |     82 |    448 |   1089 |   2 |  963.5 |
       Dungeon |   1927 |   1845 |     82 |    448 |   1089 |   2 |  963.5 |
               +--------+--------+--------+--------+--------+-----+--------+

Top non-repeatable levels by time:
     D:1: 1493 daAuts
     D:2: 434 daAuts
